 Dungeon Crawl Stone Soup version 0.31-a0-1074-g0b22e4e0f1 (webtiles) character file.

Game seed: 13144748545531894611

1803 grandjackal the Trooper (level 9, -7/102 HPs)
             Began as a Djinni Cinder Acolyte on Nov 29, 2023.
             Was an Initiate of Gozag.
             Mangled by a fire elemental (9 damage)
             ... created by the fiery vengeance of Ignis
             ... on level 6 of the Dungeon.
             The game lasted 00:09:18 (8026 turns).

grandjackal the Trooper (Djinni Cinder Acolyte)     Turns: 8026, Time: 00:09:19

Health: -7/102     AC:  8    Str: 19    XL:     9   Next: 30%
Gold:   44         EV: 14    Int: 17    God:    Gozag SH:  5 Dex: 12

rFire   . . .        i - +0 short sword (drain)
rCold   . . .        e - orb {*Rage}
rNeg    + . .        A - +2 leather armour {rN+}
rPois   ∞            E - +2 helmet
rElec   .            (no cloak)
rCorr   .            (no gloves)
SInv    .            (boots unavailable)
Will    .....        s - amulet of reflection Stlth
                     B - ring of protection from cold
HPRegen 0.37/turn    H - +6 ring of strength
MPRegen 0.00/turn

%: random rage (20%), reflection, infuse magic (-8 HP)
@: mighty, berserking, flying, fire susceptible, very quick
A: sickness immunity, fire resistance 2, cold vulnerability 1, float, innate
caster, HP casting, extra vitality 1
a: Renounce Religion, Potion Petition, Call Merchant, Bribe Branch


You were on level 6 of the Dungeon.
You worshipped Gozag.
Gozag was noncommittal.
You visited 2 branches of the dungeon, and saw 7 of its levels.

You collected 366 gold pieces.
You spent 224 gold pieces at shops.
You paid 98 gold pieces to Gozag.

Inventory:

Hand Weapons
 a - a -1 falchion of flaming
 i - a +0 short sword of draining (weapon)
Missiles
 g - 6 curare-tipped darts
 z - 2 poisoned darts
Armour
 e - an orb of wrath (worn)
 A - a +2 leather armour of positive energy (worn)
 E - a +2 helmet (worn)
 J - a +2 hat
Jewellery
 s - an amulet of reflection (around neck)
 B - a ring of protection from cold (left hand)
 H - a +6 ring of strength (right hand)
Scrolls
 b - a scroll of fog {unknown}
 d - 4 scrolls of teleportation {unknown}
 k - 2 scrolls of poison {unknown}
 l - 5 scrolls of identify {unknown}
 o - 2 scrolls of silence {unknown}
 q - a scroll of blinking {unknown}
 r - a scroll of enchant armour {unknown}
 u - 2 scrolls of amnesia {unknown}
 v - 3 scrolls of revelation {unknown}
 y - a scroll of torment {unknown}
 D - a scroll of brand weapon {unknown}
Potions
 c - a potion of resistance {unknown}
 f - 3 potions of enlightenment
 h - a potion of curing
 j - a potion of attraction
 m - a potion of cancellation
 n - a potion of brilliance {unknown}
 p - a potion of might
 t - a potion of magic {unknown}
 w - 2 potions of mutation {unknown}
 x - a potion of haste {unknown}
 C - a potion of degeneration {unknown}
 F - 2 potions of berserk rage
 G - a potion of heal wounds {unknown}
 I - a potion of lignification {unknown}


   Skills:
 + Level 7.2 Fighting
 + Level 6.6 Long Blades
 + Level 7.1 Dodging
 - Level 2.3 Spellcasting
 - Level 2.3 Conjurations
 - Level 2.3 Hexes
 - Level 2.3 Summonings
 - Level 2.3 Necromancy
 - Level 2.3 Translocations
 - Level 2.3 Transmutations
 - Level 2.3 Fire Magic
 - Level 2.3 Ice Magic
 - Level 2.3 Air Magic
 - Level 2.3 Earth Magic
 - Level 2.3 Poison Magic


You knew the following spells:

 Your Spells              Type           Power      Damage    Failure   Level
a - Scorch                Fire           20%        2d5       13%         2
b - Sandblast             Erth           20%        2d7       9%          1
c - Momentum Strike       Conj/Tloc      20%        3d8       13%         2
d - Sigil of Binding      Hex            10%        N/A       26%         3
e - Hailstorm             Conj/Ice       10%        3d5       26%         3
Your spell library was empty.

Dungeon Overview and Level Annotations

Branches:
Dungeon (6/15)             Temple (1/1) D:5

Altars:
Ashenzari
Cheibriados
Dithmenos
Elyvilon
Fedhas
Gozag
Hepliaklqana
Makhleb
Nemelex Xobeh
Okawaru
Qazlal
Ru
Trog
Uskayaw
Wu Jian
Xom
Zin
The Shining One

Shops:
D:3 [

Annotations:
D:3 1 runed translucent door, Rudyous's ghost, amateur DjIE


Innate Abilities, Weirdness & Mutations

You are immune to sickness and miasma.
You are immune to poison.
Your flesh is very heat resistant. (rF++)
You are vulnerable to cold. (rC-)
You float through the air rather than walking.
You learn spells naturally, not from books.
Your magical power is your life essence.
You have superior vitality. (+4 MHP)


Message History

The fire elemental is heavily damaged.
The fire elemental hits you. The fire elemental burns you!
You puncture the fire elemental!
The fire elemental is severely damaged.
The fire elemental hits you. The fire elemental burns you!
You miss the fire elemental.
The fire elemental is severely damaged.
The fire elemental misses you.
You hit the fire elemental.
The fire elemental is almost destroyed.
The fire elemental hits you. The fire elemental burns you!
You closely miss the fire elemental.
The fire elemental is almost destroyed.
The fire elemental barely misses you.
You puncture the fire elemental!
You destroy the fire elemental!
That felt strangely unrewarding.
The fire elemental hits you. The fire elemental burns you!
* * * LOW HITPOINT WARNING * * *
You closely miss the fire elemental. The fire elemental hits you.
The fire elemental burns you!
* * * LOW HITPOINT WARNING * * *
It was a potion of berserk rage.
A red film seems to cover your vision as you go berserk!
You feel yourself moving faster!
You feel mighty! The fire elemental barely misses you.
You hit the fire elemental.
The fire elemental is lightly damaged.
The fire elemental hits you. The fire elemental burns you!
* * * LOW HITPOINT WARNING * * *
You puncture the fire elemental!
The fire elemental is moderately damaged.
You hit the fire elemental.
The fire elemental is heavily damaged.
The fire elemental completely misses you.
You hit the fire elemental.
The fire elemental is severely damaged.
The fire elemental hits you. The fire elemental burns you!
You die...
Your body crumbles into a pile of gold.

..........................
..................#)....##
...........♣♣.....#.....##
...........♣......+.......
.........:...♣♣..##.....##
.................##.....##
.................##.....##
#######..............###..
###@##.........# #..
#E##.........# #..
##E...........###..
#...............+..
#..............##..
#........###.....##
#.........##.######
#..........#.#.....
#........#.#.###'##


You could see 2 fire elementals.

Vanquished Creatures
  A fire elemental (D:6)
  A water moccasin (D:6)
  A sky beast (D:6)
  3 orc warriors
  2 black bears
  An ogre (D:6)
  3 scorpions
  2 jellies
  4 orc priests
  A gnoll bouda (D:5)
  A hound (D:5)
  7 iguanas
  Natasha (thrice) (D:3)
  4 orc wizards
  Robin (D:2)
  4 gnolls (D:5)
  6 adders
  3 shadow imps
  4 white imps
  2 ufetubi (D:5)
  A worm (D:2)
  2 dart slugs
  27 orcs
  A bat (D:3)
  6 endoplasms
  3 giant cockroaches
  13 goblins
  16 hobgoblins
  5 jackals
  4 quokkas
  6 ball pythons
  3 frilled lizards
  4 kobolds
  3 rats
148 creatures vanquished.

Vanquished Creatures (others)
  139 foxfires (Temple)
139 creatures vanquished.

Grand Total: 287 creatures vanquished

Notes
Turn   | Place    | Note
-------+----------+-------------------------------------------
     0 | D:1      | grandjackal the Djinni Cinder Acolyte began the quest for
                  | the Orb.
     0 | D:1      | grandjackal set off with the following spells memorised:
                  | Scorch.
     0 | D:1      | Reached XP level 1. HP: 20/20 MP: 0/0
   290 | D:1      | Reached XP level 2. HP: 24/25 MP: 0/0
   435 | D:1      | Reached skill level 1 in Dodging
   700 | D:1      | Found a faded altar of an unknown god.
   838 | D:1      | Reached XP level 3. HP: 30/30 MP: 0/0
   838 | D:1      | Learned a level 1 spell: Sandblast
  1395 | D:2      | Noticed Robin
  1411 | D:2      | Killed Robin
  1412 | D:2      | Reached XP level 4. HP: 25/36 MP: 0/0
  2249 | D:3      | Found Rirphaic's Armour Emporium.
  2262 | D:3      | Found a runed translucent door.
  2264 | D:3      | Noticed Rudyous's ghost (amateur DjIE)
  2272 | D:3      | Noticed Natasha
  2288 | D:3      | Reached XP level 5. HP: 41/41 MP: 0/0
  2288 | D:3      | Learned a level 2 spell: Momentum Strike
  2306 | D:3      | Killed Natasha
  2318 | D:3      | Reached XP level 6. HP: 9/47 MP: 0/0
  2793 | D:3      | Noticed Natasha
  2801 | D:3      | Killed Natasha
  2992 | D:3      | Noticed Natasha
  2998 | D:3      | Killed Natasha
  3409 | D:4      | Found a sacrificial altar of Ru.
  3537 | D:4      | Found a glowing silver altar of Zin.
  3706 | D:4      | Reached XP level 7. HP: 53/53 MP: 0/0
  3706 | D:4      | Learned a level 3 spell: Sigil of Binding
  3881 | D:4      | Reached skill level 5 in Fighting
  4790 | D:3      | Bought a +2 leather armour of positive energy for 224 gold
                  | pieces
  4813 | D:5      | Entered Level 5 of the Dungeon
  4918 | D:5      | Found a staircase to the Ecumenical Temple.
  4927 | Temple   | Entered the Ecumenical Temple
  5089 | D:5      | Reached skill level 5 in Long Blades
  5400 | D:5      | Reached skill level 5 in Dodging
  5400 | D:5      | Reached XP level 8. HP: 30/60 MP: 0/0
  6851 | D:6      | Reached XP level 9. HP: 66/67 MP: 0/0
  6851 | D:6      | Learned a level 3 spell: Hailstorm
  7376 | Temple   | Fell from the grace of Ignis
  7376 | Temple   | Became a worshipper of Gozag Ym Sagoz the Greedy
  8023 | D:6      | HP: 2/102 [fire elemental[the fiery vengeance of Ignis]
                  | (9)]
  8026 | D:6      | Mangled by a fire elemental

Illustrated notes

Levels and vault maps discovered:
D:1:      reono_arrival_forest_river, layout_basic,
          dilly_ecumenical_altar_fadedgnrine
D:2:      layout_loops_ring, uniq_robin
D:3:      layout_loops_ring, serial_shops, nicolae_shop_tiny_waterfront,
          ebering_ghost_sewer_d, uniq_natasha
D:4:      layout_basic, mainiacjoe_overflow_catwalk_spiral, minivault_4,
          minmay_misc_feat_rugged
D:5:      layout_basic, minmay_temple_entry_antechambers,
          chequers_serial_rivers_small_b
D:6:      layout_basic, chequers_garden, st_stairs_12, dk_noncrumbling_2
Temple:   hellmonk_temple_of_storms

Skill      XL: |  1  2  3  4  5  6  7  8  9 |
---------------+----------------------------+-----
Dodging        | 1 2 3 5 6 7 |  7.1
Long Blades    | 3 4 5 6 |  6.6
Fighting       | 4 5 6 7 |  7.2
Spellcasting   | |  2.3
Conjurations   | |  2.3
Hexes          | |  2.3
Summonings     | |  2.3
Necromancy     | |  2.3
Translocations | |  2.3
Transmutations | |  2.3
Fire Magic     | |  2.3
Ice Magic      | |  2.3
Air Magic      | |  2.3
Earth Magic    | |  2.3
Poison Magic   | |  2.3

Action                     |  1- 3 |  4- 6 |  7- 9 || total
---------------------------+-------+-------+-------++-------
  Melee: Falchion          |    57 |       |       ||    57
         Short sword       |    38 |   201 |   378 ||   617
 Invoke: Foxfire Swarm     |       |       |     9 ||     9
    Use: Potion            |       |       |     6 ||     6
 Armour: Robe              |    58 |   123 |    29 ||   210
         Leather armour    |       |       |   167 ||   167
  Dodge: Dodged            |    42 |   131 |   211 ||   384

Table legend: (Time is in decaauts)
 A = Elapsed time spent in this place.
 B = Non-inter-level travel time spent in this place.
 C = Inter-level travel time spent in this place.
 D = Time resting spent in this place.
 E = Time spent auto-exploring this place.
 F = Levels seen in this place.
 G = Mean time per level.
                   A        B        C        D        E       F      G
               +--------+--------+--------+--------+--------+-----+--------+
         Total |   8501 |   8060 |    441 |   3008 |   3560 |   7 | 1214.4 |
       Dungeon |   8384 |   7987 |    397 |   3008 |   3560 |   6 | 1397.3 |
        Temple |    116 |     72 |     44 |      0 |      0 |   1 |  116.0 |
               +--------+--------+--------+--------+--------+-----+--------+

Top non-repeatable levels by time:
     D:5: 1725 daAuts
     D:4: 1504 daAuts
     D:3: 1451 daAuts
     D:6: 1431 daAuts
     D:1: 1199 daAuts
     D:2: 1071 daAuts
  Temple: 116 daAuts
